Map: Tours du crépuscule

Players

pupu

  • Race: Protoss Protoss
  • League: Silver

SSR - Winner!

  • Race: Zerg Zerg

VOD

Have the link to the VOD?

Description

Time

  • Played on: April 12, 2016, 7:46 a.m.
  • Length: 5:46
Show
View Real Time Build Order
Export as new Build Order

pupu Protoss 

Build Orders:  

Get SALT Encoding   

  12  0:01  Probe (Chrono Boost)  
  13  0:12  Probe (Chrono Boost)  
  14  0:23  Probe (Chrono Boost), Pylon  
  15  0:41  Probe (Chrono Boost), Gateway  
  16  0:44  Assimilator  
  16  0:51  Probe (Chrono Boost)  
  16  0:53  Assimilator  
  17  1:02  Probe (Chrono Boost)  
  18  1:13  Probe (Chrono Boost)  
  19  1:23  Probe (Chrono Boost)  
  20  1:28  Cybernetics Core  
  20  1:49  Nexus  
  20  1:52  Probe (Chrono Boost)  
  21  2:02  Probe (Chrono Boost)  
  21  2:06  Pylon  
  22  2:09  Warp Gate (Chrono Boost)  
  22  2:13  Probe  
  23  2:24  Stalker  
  23  2:26  Mothership Core  
  27  2:42  Twilight Council  
  27  2:47  Probe  
  28  2:52  Pylon  
  28  3:00  Robotics Facility  
  28  3:02  Probe x2  
  30  3:11  Adept  
  32  3:18  Resonating Glaives (Chrono Boost)  
  32  3:29  Probe x2, Gateway  
  34  3:45  Probe  
  34  3:46  Probe  
  36  3:48  Warp Prism  
  38  4:00  Gateway  
  38  4:01  Probe  
  38  4:03  Probe  
  36  4:21  Adept  
  34  4:25  Probe  
  34  4:27  Probe  
  31  4:34  Pylon  
  31  4:36  Probe  
  26  4:39  Probe  
  27  4:46  Probe  
  27  4:50  Adept  
  27  4:51  Probe  
  30  4:57  Probe  
  31  5:03  Probe  
  32  5:07  Probe  
  32  5:15  Probe  
  32  5:17  Adept  
  32  5:18  Probe, Adept x2  
  37  5:27  Probe  
  35  5:28  Probe  
  35  5:38  Adept  
  35  5:39  Adept  
Show
View Real Time Build Order
Export as new Build Order

SSR Zerg - Winner!

Build Orders: Pool First 

Get SALT Encoding   

  12  0:02  Drone  
  13  0:13  Overlord  
  13  0:20  Drone  
  14  0:32  Drone x2  
  16  0:46  Drone  
  17  0:54  Spawning Pool  
  17  0:56  Drone  
  17  1:04  Extractor  
  17  1:05  Drone  
  17  1:15  Drone  
  18  1:23  Drone  
  19  1:34  Drone  
  20  1:47  Overlord  
  20  2:14  Metabolic Boost  
  20  2:17  Queen  
  20  2:20  Zergling x6  
  25  2:32  Overlord  
  25  2:52  Zergling x2  
  25  2:54  Zergling x2  
  27  3:08  Hatchery  
  26  3:15  Zergling x4  
  28  3:28  Zergling x6  
  28  3:29  Zergling x2  
  32  3:48  Zergling x2  
  33  3:59  Zergling x6  
  33  4:00  Zergling x2  
  31  4:35  Zergling x10  
  31  4:36  Zergling x2  
  32  5:02  Zergling x4  
Tags
 
Add a new tag
Caveats
  • Supply blocks, unpowered buildings, or Contaminate may cause inaccurate times.
  • Supply counts are checked every 10 seconds.